 Dungeon Crawl Stone Soup version 0.29-a0-1052-g6990b1bffc (webtiles) character file.

Game seed: 3020973589857136446

742 ragingrage the Cleaver (level 7, 0/52 (57) HPs)
             Began as a Minotaur Delver on Aug 17, 2022.
             Was an Initiate of Okawaru.
             Shot with an arrow by a centaur (4 damage)
             ... on level 7 of the Dungeon.
             The game lasted 00:04:52 (4796 turns).

ragingrage the Cleaver (Minotaur Delver)            Turns: 4796, Time: 00:04:52

HP:   0/52 (57)     AC: 13    Str: 19    XL:     7   Next: 47%
MP:   6/6           EV:  0    Int:  7    God:    Okawaru [......]
Gold: 170           SH:  6    Dex: 11    Spells: 6/6 levels left

rFire   . . .      SeeInvis .   a - +0 hand axe
rCold   + + .      Faith    .   y - +0 kite shield
rNeg    . . .      Spirit   .   o - +1 gold dragon scales
rPois   +          Reflect  .   (helmet restricted)
rElec   .          Harm     .   (no cloak)
rCorr   +          Rampage  .   (no gloves)
Will    .....                   (no boots)
Stlth   ..........              (no amulet)
HPRegen 0.17/turn               z - ring of ice
MPRegen 0.10/turn               w - ring of resist corrosion

@: brilliant, hasted, drained, very quick
A: horns 2, retaliatory headbutt
a: Renounce Religion


You were on level 7 of the Dungeon.
You worshipped Okawaru.
Okawaru was noncommittal.
You visited 1 branch of the dungeon, and saw 7 of its levels.

You collected 170 gold pieces.

Inventory:

Hand Weapons
 a - a +0 hand axe (weapon)
 j - a +3 dire flail
Missiles
 k - 7 boomerangs (quivered)
 s - 2 silver boomerangs
 t - 3 poisoned darts
Armour
 o - +1 gold dragon scales (worn)
 y - a +0 kite shield (worn)
Jewellery
 r - a ring of flight
 w - a ring of resist corrosion (right hand)
 z - a ring of ice (left hand)
Wands
 b - a wand of flame (15)
 g - a wand of digging (3)
 l - a wand of polymorph (9)
 m - a wand of roots (2)
Scrolls
 c - 2 scrolls of fog
 d - a scroll of magic mapping
 e - a scroll of fear
 i - 4 scrolls of identify
 p - 4 scrolls of poison
 u - a scroll of summoning
Potions
 f - 3 potions of haste
 h - 2 potions of degeneration
 v - 2 potions of magic


   Skills:
 - Level 3.6 Fighting
 + Level 10.2 Axes
 - Level 2.1 Dodging
 - Level 4.1 Stealth


You had 6 spell levels left.
You didn't know any spells.
Your spell library contained the following spells:

 Spells                   Type           Power      Damage    Failure   Level
 Freeze                   Ice            0%         1d3       100%        1
 Magic Dart               Conj           0%         1d3       100%        1
 Blink                    Tloc           0%         N/A       100%        2
 Frozen Ramparts          Ice            0%         1d1       100%        3
 Lesser Beckoning         Tloc           0%         N/A       100%        3
 Mephitic Cloud           Conj/Pois/Air  0%         N/A       100%        3
 Ozocubu's Armour         Ice            0%         N/A       100%        3
 Hailstorm                Conj/Ice       0%         3d3       100%        4
 Manifold Assault         Tloc           0%         N/A       100%        5
 Ozocubu's Refrigeration  Ice            0%         4d7       100%        7
 Call Imp                 Summ           Unusable   N/A       N/A         2

Dungeon Overview and Level Annotations

Branches:
Dungeon (7/15)
 Temple: D:4-7

Altars:
Gozag
Makhleb
Okawaru
Qazlal
Ru
Sif Muna
Trog
Uskayaw
Wu Jian
Zin

Shops:
D:6 (

Annotations:
D:3 2 transporters, siradein's ghost, amateur HOMo
D:6 Edmund


Innate Abilities, Weirdness & Mutations

You have a pair of horns on your head.
You reflexively headbutt those who attack you in melee.


Message History

You hit the wight.
The wight is moderately damaged.
A centaur comes into view.
The wight hits you with a +2 long sword.
You barely miss the wight.
The wight is moderately damaged.
The centaur shouts!
The wight hits you with a +2 long sword!
* * * LOW HITPOINT WARNING * * *
You feel drained.
* * * LOW HITPOINT WARNING * * *
You feel yourself speed up. The wight hits you but does no damage.
It was a potion of brilliance.
You feel clever all of a sudden.
You feel better. You block the wight's attack.
You hit the wight but do no damage.
The wight is moderately damaged.
The wight hits you with a +2 long sword!
* * * LOW HITPOINT WARNING * * *
You feel drained.
* * * LOW HITPOINT WARNING * * *
A hornet comes into view.
The hornet buzzes angrily.
You hit the centaur.
You headbutt the centaur, but do no damage.
The centaur is moderately wounded.
You hit the wight but do no damage.
The centaur hits you but does no damage.
You block the centaur's attack.
The wight hits you with a +2 long sword.
* * * LOW HITPOINT WARNING * * *
You feel drained.
* * * LOW HITPOINT WARNING * * *
The centaur attacks as you move away!
The centaur hits you but does no damage.
The centaur kicks you but does no damage.
You hear the steady creaking of a portcullis very nearby.
The centaur wields a +0 shortbow.
The centaur shoots an arrow.
The arrow hits you.
You die...

. ..........####............
#.##.....##...##....##.#....
#.....#.....................
#......^....#.##..#.#.......
............#.....#.#.......
.........##.#...............
...##.#####[#.....#..####...
.. #)#..........##... ##
#@#.....#....##...
#.#####.#....>...#.##...
......cz...........##...
....###.#...............
...................##...
...####...#......#.
#...#<...... #.y.###.#...
#...# .....


You could see a hornet, a centaur and a wight.

Vanquished Creatures
  A centaur (D:6)
  2 bullfrogs
  A scorpion (D:7)
  3 wights (D:7)
  2 hounds
  A jelly (D:7)
  An orc priest (D:7)
  An iguana (D:4)
  5 adders
  An ufetubus (D:6)
  2 worms (D:2)
  3 dart slugs
  17 orcs
  5 ball pythons
  4 bats
  9 endoplasms
  4 giant cockroaches
  9 hobgoblins
  4 jackals (D:4)
  6 kobolds
  4 quokkas
  3 training dummies (D:6)
  3 frilled lizards
  6 goblins
  7 rats
104 creatures vanquished.

Notes
Turn   | Place    | Note
-------+----------+-------------------------------------------
     0 | D:5      | ragingrage the Minotaur Delver began the quest for the Orb.
     0 | D:5      | Reached XP level 1. HP: 19/19 MP: 0/0
    10 | D:5      | Noticed an orc warrior
    17 | D:6      | Found Vuesyikh's Firing Range.
    72 | D:6      | Reached skill level 3 in Axes
    72 | D:6      | Reached XP level 2. HP: 7/26 MP: 1/1
   341 | D:6      | Noticed a centaur
   351 | D:6      | Killed a centaur
   352 | D:6      | Reached skill level 5 in Axes
   352 | D:6      | Reached XP level 3. HP: 20/31 MP: 2/2
   352 | D:6      | Reached XP level 4. HP: 25/39 MP: 3/3
   512 | D:6      | Noticed Edmund
   526 | D:6      | Noticed a bullfrog
   536 | D:6      | Killed a bullfrog
   537 | D:6      | Reached skill level 6 in Axes
   537 | D:6      | Reached XP level 5. HP: 25/45 MP: 4/4
   758 | D:6      | Reached skill level 7 in Axes
  1163 | D:3      | Found a transporter.
  1200 | D:3      | Reached XP level 6. HP: 36/51 MP: 5/5
  1484 | D:2      | Found a faded altar of an unknown god.
  1786 | D:2      | Reached skill level 8 in Axes
  3931 | D:3      | Found an opulent altar of Gozag.
  3932 | D:3      | Found a hide-covered altar of Uskayaw.
  3932 | D:3      | Found a shimmering blue altar of Sif Muna.
  3934 | D:3      | Found a burning altar of Makhleb.
  3934 | D:3      | Found a sacrificial altar of Ru.
  3936 | D:3      | Found a bloodstained altar of Trog.
  3936 | D:3      | Found an iron altar of Okawaru.
  3937 | D:3      | Found an ornate altar of the Wu Jian Council.
  3945 | D:3      | Became a worshipper of Warmaster Okawaru
  3952 | D:3      | Found a transporter.
  3954 | D:3      | Noticed siradein's ghost (amateur HOMo)
  3997 | D:3      | Found a stormy altar of Qazlal.
  4001 | D:3      | Noticed a water elemental
  4002 | D:3      | Noticed a fire elemental
  4002 | D:3      | Noticed an air elemental
  4133 | D:3      | Found a glowing silver altar of Zin.
  4340 | D:4      | You are sucked into a shaft and drop 3 floors!
  4371 | D:7      | Reached skill level 9 in Axes
  4624 | D:7      | Reached XP level 7. HP: 55/57 MP: 6/6
  4737 | D:7      | Reached skill level 10 in Axes
  4794 | D:7      | Noticed a hornet
  4796 | D:7      | Shot with an arrow by a centaur

Illustrated notes

Levels and vault maps discovered:
D:1:      sevenhm_arrival_forest_fort_large_4, layout_basic,
          reono_crystal_passage, grunt_decor_resistance, minmay_parallelograms
D:2:      minmay_evil_eye, layout_basic, nicolae_ecumenical_snake_handling
D:3:      layout_basic, nicolae_qazlal_style_of_elements,
          grunt_temple_overflow_open, mainiacjoe_overflow_alcove_4,
          gammafunk_ghost_mausoleum, kennysheep_generic_room_5
D:4:      layout_basic, minmay_joined_circles, uniq_blork_the_orc
D:5:      layout_basic, serial_shops, nicolae_shop_window_shopping,
          minivault_26, nicolae_shop_clearance
D:6:      layout_loops_ring, lemuel_crystal_altar, minmay_temple_entry_fiery,
          nicolae_shop_firing_range, uniq_edmund, uniq_eustachio
D:7:      layout_basic, enter_bailey_2

Skill      XL: |  1  2  3  4  5  6  7 |
---------------+----------------------+-----
Axes           | 3 5 6 7 9 10 | 10.2
Fighting       | |  3.6
Dodging        | |  2.1
Stealth        | |  4.1

Action                   |  1- 3 |  4- 6 |  7- 9 || total
-------------------------+-------+-------+-------++-------
Melee: Hand axe          |    17 |   242 |    35 ||   294
       Punch             |     1 |     1 |       ||     2
       Headbutt          |     3 |    38 |     9 ||    50
Throw: Throwing net      |       |       |     1 ||     1
Evoke: Wand              |       |       |     1 ||     1
  Use: Scroll            |       |     5 |     4 ||     9
       Potion            |       |       |     3 ||     3
 Stab: Sleeping          |     1 |       |       ||     1
Armor: Leather armour    |     7 |     5 |       ||    12
       Gold dragon scale |       |   154 |    10 ||   164
Dodge: Dodged            |    14 |    33 |     1 ||    48
Block: Kite shield       |       |    19 |     9 ||    28

Table legend: (Time is in decaauts)
 A = Elapsed time spent in this place.
 B = Non-inter-level travel time spent in this place.
 C = Inter-level travel time spent in this place.
 D = Time resting spent in this place.
 E = Time spent auto-exploring this place.
 F = Levels seen in this place.
 G = Mean time per level.
                   A        B        C        D        E       F      G
               +--------+--------+--------+--------+--------+-----+--------+
         Total |   4790 |   4568 |    222 |    926 |   2817 |   7 |  684.3 |
       Dungeon |   4790 |   4568 |    222 |    926 |   2817 |   7 |  684.3 |
               +--------+--------+--------+--------+--------+-----+--------+

Top non-repeatable levels by time:
     D:1: 1149 daAuts
     D:2: 1146 daAuts
     D:6: 844 daAuts
     D:3: 841 daAuts
     D:7: 455 daAuts
     D:4: 261 daAuts
     D:5: 91 daAuts
